[Event "Early-Titled-Tuesday-Blitz-March-26-2024"]
[Site "Chess.com"]
[Date "2024.03.26"]
[Round "7"]
[White "chess123456s"]
[Black "DavidGavrilescu18"]
[Result "1-0"]
[WhiteElo "2578"]
[BlackElo "2758"]
[TimeControl "180+1"]
[EndTime "9:16:06 PDT"]
[Termination "chess123456s won by resignation"]

1. d4 d5 2. Nc3 e6 3. e4 Nf6 4. e5 Nfd7 5. f4 c5 6. Nf3 Nc6 7. Be3 cxd4 8. Nxd4 Qb6 9. Qd2 Qxb2 10. Rb1 Qa3 11. Bb5 Nxd4 12. Bxd4 a6 13. Bxd7+ Bxd7 14. Rb3 Qe7 15. Rxb7 Qh4+ 16. Bf2 Qd8 17. Bb6 Qc8 18. Rc7 Qd8 19. Qd4 Ba3 20. Nb1 Be7 21. c4 Rc8 22. Rb7 Bb4+ 23. Kf2 Qxb6 24. Qxb6 Bc5+ 25. Qxc5 Rxc5 26. cxd5 exd5 27. Nd2 Bf5 28. Rb8+ Bc8 29. Nb3 Rc2+ 30. Ke3 O-O 31. Rc1 Rxc1 32. Nxc1 f6 33. exf6 gxf6 34. Kd4 Kf7 35. Nd3 Re8 36. Nc5 h5 37. g3 a5 38. Ra8 h4 39. gxh4 Rh8 40. h5 Ke7 41. h6 Kd8 42. Kxd5 Rxh6 43.
Ne6+ Kd7 44. Ra7+ Ke8 45. Kd6 Bxe6 46. Kxe6 f5+ 47. Ke5 Rxh2 48. Rxa5 Kf7 49. Ra7+ Kg6 50. Ra6+ Kf7 51. Kxf5 Rh5+ 52. Ke4 Rb5 53. a4 Rc5 54. a5 Rb5 55. Kf3 Rb4 56. Kg4 Ra4 57.
Ra8 Kg7 58. a6 Ra1 59. a7 Ra6 60. Kg3 Ra3+ 61. Kf2 Ra4 62. Ke3 Ra3+ 63. Kd2 Ra4 64. f5 Ra6 65. f6+ Rxf6 66. Rb8 Rd6+ 67. Kc3 Rc6+ 68.
Kd4 Re6 69. a8=Q 1-0

[Event "Early-Titled-Tuesday-Blitz-March-26-2024"]
[Site "Chess.com"]
[Date "2024.03.26"]
[Round "7"]
[White "SlavenPastar"]
[Black "JJDAREK"]
[Result "1/2-1/2"]
[WhiteElo "2580"]
[BlackElo "2392"]
[TimeControl "180+1"]
[EndTime "9:16:06 PDT"]
[Termination "Game drawn by stalemate"]

1. b3 d5 2. Bb2 Nf6 3. Nf3 Bf5 4.
e3 h6 5. c4 e6 6. Nc3 c6 7.
cxd5 exd5 8. d3 Nbd7 9. Qc2 a5 10.
Be2 Bb4 11. a3 Be7 12. e4 dxe4 13. dxe4 Bh7 14. O-O O-O 15. Rfe1 Nc5 16. Bf1 Re8 17. b4 axb4 18. axb4 Rxa1 19. Bxa1 Ne6 20. Qb3 Bf8 21. b5 Nc5 22. Qc4 Ncxe4 23. bxc6 bxc6 24. Qxc6 Nxc3 25.
Rxe8 Nxe8 26. Qxc3 Be7 27. Qb3 Bf6 28. Be5 Qe7 29. Bg3 Be4 30. Nd2 Bg6 31. h3 Nd6 32. Qd5 Ne4 33. Nf3 Nxg3 34. fxg3 Qe3+ 35. Kh2 Qe7 36. Bc4 Be4 37. Qd1 Bxf3 38. Qxf3 Be5 39. Bd5 Qc7 40. h4 g6 41. Kh3 Kg7 42. g4 g5 43.
hxg5 hxg5 44. Qf5 Bf4 45. g3 Bxg3 46. Qxg5+ Kf8 47. Qh6+ Kg8 48. Qg6+ Kf8 49. Bxf7 Qxf7 50. Qxf7+ Kxf7 51. Kxg3 Kf6 52. Kf4 Kg6 53. g5 Kg7 54.
Kf5 Kf7 55. g6+ Kg7 56. Kg5 Kg8 57. Kf6 Kf8 58. g7+ Kg8 59. Kg6 1/2-1/2

[Event "Early-Titled-Tuesday-Blitz-March-26-2024"]
[Site "Chess.com"]
[Date "2024.03.26"]
[Round "7"]
[White "dropstoneDP"]
[Black "Hovik_Hayrapetyan"]
[Result "1-0"]
[WhiteElo "2991"]
[BlackElo "2811"]
[TimeControl "180+1"]
[EndTime "9:16:08 PDT"]
[Termination "dropstoneDP won on time"]

1. e4 c5 2. Nf3 d6 3. d4 cxd4 4.
Nxd4 Nf6 5. Nc3 a6 6. Bd3 g6 7. f3 Qb6 8. a3 Bg7 9. Be3 Qc7 10. Qd2 h5 11. O-O-O b5 12. h3 h4 13. Bg5 Nbd7 14. Kb1 Bb7 15. Rhe1 Rc8 16. f4 Nh7 17. Bxb5 axb5 18. Ncxb5 Qb6 19. Bxh4 Nhf6 20. Bxf6 Nxf6 21. e5 Ne4 22. Qb4 dxe5 23. Nf3 O-O 24. Nxe5 Bxe5 25. fxe5 Rc5 26. a4 Rxe5 27. Rd7 Bc6 28. Rxe7 Rxe7 29. Qxe7 Re8 30. Qb4 Re5 31. Kc1 Qf2 32. Nd4 Kh7 33. b3 Nc3 34. Qxc3 Qxe1+ 35. Qxe1 Rxe1+ 36. Kd2 Re6 37. Nxe6 fxe6 38. g3 Kg7 39. Ke3 e5 40. c4 Kf6 41. a5 Ke6 42. b4 Kd6 43. h4 Bd7 44. a6 Kc6 45. Ke4 Kd6 46. b5 Bf5+ 47. Ke3 Kc7 48.
c5 Bh3 49. b6+ Kc6 50. a7 Kb7 51. Ke4 1-0

[Event "Early-Titled-Tuesday-Blitz-March-26-2024"]
[Site "Chess.com"]
[Date "2024.03.26"]
[Round "7"]
[White "Goryachkina"]
[Black "Titus369"]
[Result "1-0"]
[WhiteElo "2678"]
[BlackElo "2626"]
[TimeControl "180+1"]
[EndTime "9:16:09 PDT"]
[Termination "Goryachkina won by resignation"]

1. e4 c5 2. Nf3 d6 3. d4 cxd4 4.
Nxd4 Nf6 5. Nc3 a6 6. Be3 e6 7. Be2 Nbd7 8. g4 h6 9. Qd2 b5 10. a3 Qc7 11. O-O-O Bb7 12. f3 d5 13. h4 dxe4 14. g5 hxg5 15. hxg5 Rxh1 16. Rxh1 Nd5 17. Nxd5 Bxd5 18. g6 fxg6 19. fxe4 Bxe4 20. Nxe6 Qc6 21. Nd4 Qd5 22. Rd1 Rc8 23. Bd3 Ne5 24. Bxe4 Qxe4 25. Bg5 Bc5 26. Nb3 Be7 27. Bxe7 Kxe7 28.
Qd6+ Kf7 29. Rf1+ Kg8 30. Qe6+ Kh7 31. Qh3+ Kg8 32. Qxc8+ Kh7 33. Qh3+ Kg8 34. Qe6+ Kh7 35. Kb1 g5 36. Qh3+ Kg8 37. Rd1 Kf7 38. Qh5+ Qg6 39.
Qxg6+ Kxg6 40. Nc5 Kf5 41. Nd3 Nc4 42. b3 Ne3 43. Re1 Ng4 44. c4 bxc4 45. bxc4 Nf6 46. c5 Nd5 47. c6 Nc7 48. Re7 Ne6 49. c7 Nxc7 50. Rxc7 g6 51. Rc6 Ke4 52. Nf2+ Ke3 53. Rxg6 Kxf2 54. Rxg5 Ke3 55. Ra5 Kd4 56. Rxa6 Kc4 57.
Ra4+ Kb5 58. Rb4+ Ka5 59. Kb2 1-0

[Event "Early-Titled-Tuesday-Blitz-March-26-2024"]
[Site "Chess.com"]
[Date "2024.03.26"]
[Round "7"]
[White "Davidalhesa2007"]
[Black "PawnEatingZombie"]
[Result "1/2-1/2"]
[WhiteElo "1876"]
[BlackElo "2185"]
[TimeControl "180+1"]
[EndTime "9:16:12 PDT"]
[Termination "Game drawn by repetition"]

1. d4 d6 2. Nc3 Nf6 3. Bf4 Nbd7 4. e3 e5 5. dxe5 dxe5 6. Bg3 c6 7. Bc4 Be7 8. Qd2 O-O 9. O-O-O b5 10. Bd3 a5 11.
Nf3 Qc7 12. Ne4 a4 13. Nxf6+ Bxf6 14. Bf5 Nc5 15. Bxc8 Raxc8 16. Qd6 Qxd6 17. Rxd6 Ne4 18. Rd7 Nxg3 19. hxg3 Rfd8 20. Rhd1 Rxd7 21. Rxd7 Kf8 22.
Nd2 Ke8 23. Ra7 Be7 24. Ne4 f5 25. Nd2 Rd8 26. Nf3 Bf6 27. c3 e4 28. Nd4 Bxd4 29.
cxd4 Rd7 30. Ra8+ Ke7 31. Kc2 Kd6 32. Rh8 g6 33. f4 Kd5 34. a3 Kc4 35. Re8 h5 36. Re6 c5 37. dxc5 Rd3 38. c6 Rd8 39.
Rxg6 Rc8 40. Rg5 Rxc6 41. Rxf5 b4 42. Re5 b3+ 43. Kd2 Rd6+ 44. Ke2 Rc6 45. Rxe4+ Kd5 46. Rd4+ Ke6 47. Rd2 Rc1 48. Kf3 Rf1+ 49. Ke4 Rc1 50.
f5+ Kf6 51. Rd6+ Ke7 52. Rd2 Rc2 53. Kd3 Rc1 54. Ke2 Rc5 55. e4 Kf6 56. Kf3 Ke5 57.
Ke3 Rc2 58. Re2 Rc1 59. Rd2 Rc2 60. Ke2 Rc1 61. Ke3 Rc2 1/2-1/2

[Event "Early-Titled-Tuesday-Blitz-March-26-2024"]
[Site "Chess.com"]
[Date "2024.03.26"]
[Round "7"]
[White "yonaltimur"]
[Black "GeorgiosSouleidis"]
[Result "0-1"]
[WhiteElo "2400"]
[BlackElo "2607"]
[TimeControl "180+1"]
[EndTime "9:16:16 PDT"]
[Termination "GeorgiosSouleidis won by resignation"]

1. e4 c5 2. Nf3 e6 3. d4 cxd4 4. Nxd4 Nf6 5. Nc3 Nc6 6. Nxc6 bxc6 7. e5 Nd5 8. Ne4 Qc7 9. f4 Qb6 10. c4 Ne3 11. Qd3 Bb4+ 12. Ke2 Nxc4 13. Kf3 Ba6 14. Kg3 Nd2 15. Qxa6 Nxe4+ 16. Kf3 Nd2+ 17. Bxd2 Bxd2 18. Qxb6 axb6 19. Rd1 Bb4 20. a3 Be7 21. Bd3 f6 22. Rhf1 Ra5 23. Ke4 Rf8 24. Bc2 Bd8 25. exf6 Bxf6 26.
Rb1 d5+ 27. Ke3 h6 28. g3 Kd7 29. Rfe1 Kd6 30. Kf3 c5 31. Kg2 Ra7 32. b4 Rxa3 33. bxc5+ Kxc5 34. Rxe6 Ra2 35. Re2 Rc8 36. Bd3 Rxe2+ 37.
Bxe2 Rb8 38. Rb5+ Kd4 39. Kf3 Be7 40. Rb3 Kc5 41. Rb5+ Kc6 42. g4 Bc5 43. f5 Re8 44. Rb3 Kd6 45. h4 Re4 46. Bf1 Ke5 47. Be2 h5 48. g5 Rxh4 49. Bd3 Rh3+ 50. Kg2 Rh4 51. Kf3 Rg4 52. g6 Rf4+ 53. Kg2 h4 54. Kh3 Bf2 55. Bc2 Rc4 56. Bb1 Rc1 57. Kg2 Bc5 58. Rb2 Rc3 59. Rf2 Kf6 0-1

[Event "Early-Titled-Tuesday-Blitz-March-26-2024"]
[Site "Chess.com"]
[Date "2024.03.26"]
[Round "7"]
[White "AwareIdea"]
[Black "WiktoriaPOL"]
[Result "1-0"]
[WhiteElo "2506"]
[BlackElo "2284"]
[TimeControl "180+1"]
[EndTime "9:16:18 PDT"]
[Termination "AwareIdea won by resignation"]

1. d4 Nf6 2. Bf4 d5 3. e3 c5 4. Nc3 a6 5. Qd2 Nc6 6. Nf3 b5 7. Ne5 Bb7 8. f3 cxd4 9. exd4 Qb6 10. O-O-O e6 11. Nxc6 Qxc6 12. Ne2 b4 13. Kb1 a5 14. Nc1 a4 15. Nd3 Qb6 16. Be5 Nd7 17. Nc1 Nxe5 18. dxe5 Be7 19. h4 a3 20. b3 Bc5 21. Nd3 Be7 22.
Qf2 Qc6 23. Qd2 Rc8 24. Rc1 Qb6 25. Qf2 Qc6 26. Qd4 Qc3 27. Qxc3 Rxc3 28. Nf4 O-O 29. Bd3 Bc5 30. Ne2 Be3 31. Nxc3 Bxc1 32. Kxc1 bxc3 33. h5 g6 34. Rh4 Bc6 35. Kd1 Rd8 36. Rd4 Kg7 37.
hxg6 hxg6 38. Ke1 f6 39. exf6+ Kxf6 40. f4 Rh8 41. Rb4 Rh1+ 42. Kf2 Ra1 43. Rb6 Be8 44.
g4 Rxa2 45. Rb7 Bf7 46. Ra7 Ra1 47. Ke3 a2 48. Kd4 Rf1 49. g5+ Kg7 50. Rxa2 Rxf4+ 51. Kxc3 Rh4 52. Ra7 e5 53. Bb5 d4+ 54. Kd3 Rf4 55. Be8 Rf3+ 56. Ke4 Rf5 57. Bxf7 Rxf7 58. Rxf7+ Kxf7 59.
Kxe5 Ke7 60. Kxd4 Ke6 61. Ke4 Kd6 62. b4 Kc6 63. c4 Kd6 64. Kd4 Ke6 65. b5 Kf5 66. b6 1-0

[Event "Early-Titled-Tuesday-Blitz-March-26-2024"]
[Site "Chess.com"]
[Date "2024.03.26"]
[Round "7"]
[White "blitzking1729"]
[Black "Staudenhocker43"]
[Result "1-0"]
[WhiteElo "2767"]
[BlackElo "2555"]
[TimeControl "180+1"]
[EndTime "9:16:19 PDT"]
[Termination "blitzking1729 won by resignation"]

1. Nf3 Nf6 2. b3 g6 3. Bb2 Bg7 4. c4 O-O 5. e3 c5 6. Be2 d6 7. d4 Ne4 8. O-O Nd7 9. Nc3 Nxc3 10. Bxc3 b6 11. Qc2 Nf6 12. d5 e6 13. dxe6 Bxe6 14.
Rad1 Qe7 15. Qb2 Rad8 16. Ng5 Bf5 17. Rd2 Ne8 18. Bxg7 Nxg7 19. Nf3 Rd7 20. Rfd1 Rfd8 21. h3 Be4 22. Nh2 d5 23. Ng4 Rd6 24. Nh6+ Kf8 25.
cxd5 Rxd5 26. Bc4 Qg5 27. Ng4 Rxd2 28. Rxd2 h5 29. f4 Qe7 30. Ne5 f6 31. Rxd8+ Qxd8 32. Nf3 Bxf3 33. gxf3 Qe7 34. Kf2 Nf5 35. e4 Nd4 36.
Qd2 Kg7 37. Qe3 Nc6 38. Bd5 Qd6 39. Bxc6 Qxc6 40. e5 Qe6 41. Kg3 Kf7 42. Qe4 Qe7 43. Qd5+ Kg7 44. e6 Kf8 45. f5 gxf5 46. Qxf5 Kg7 47.
Qd5 Kg6 48. f4 f5 49. Qe5 Kh6 50. Qh8+ Kg6 51. Qe5 Kh6 52. Qxf5 Qg7+ 53. Qg5+ Qxg5+ 54. fxg5+ Kg6 55. h4 b5 56. Kf4 a5 57. Ke3 c4 58.
bxc4 b4 59. Kd2 a4 60. Kc2 1-0

[Event "Early-Titled-Tuesday-Blitz-March-26-2024"]
[Site "Chess.com"]
[Date "2024.03.26"]
[Round "7"]
[White "kai_nov"]
[Black "DCacheiro"]
[Result "1/2-1/2"]
[WhiteElo "2342"]
[BlackElo "2499"]
[TimeControl "180+1"]
[EndTime "9:16:21 PDT"]
[Termination "Game drawn by repetition"]

1. e4 c5 2. Nf3 d6 3. c3 Nf6 4.
Be2 g6 5. O-O Bg7 6. d3 O-O 7.
Be3 Nc6 8. h3 h6 9. Nbd2 b6 10.
Rc1 Bb7 11. d4 cxd4 12. cxd4 d5 13. e5 Ne4 14. Bd3 Nb4 15. Bb1 Kh7 16. a3 Nxd2 17. Qxd2 Nc6 18. e6 f5 19. Bd3 Rc8 20. b4 Qd6 21.
Bf4 Qxe6 22. Rfe1 Qd7 23. Bb5 a6 24. Bxc6 Rxc6 25. Ne5 Bxe5 26. dxe5 Rxc1 27. Rxc1 g5 28. Bh2 e6 29. Qd4 Rc8 30. Rd1 Qd8 31. g4 f4 32.
Qd3+ Kg7 33. h4 d4 34. h5 Qd5 35. Qg6+ Kf8 36. Qxh6+ Ke8 37. Qh8+ Kd7 38. Qg7+ Kd8 39.
Qxg5+ Kc7 40. Qe7+ Kb8 41. Qd6+ Qxd6 42. exd6 Bf3 43.
Re1 d3 44. Bxf4 Kb7 45. d7 Rd8 46. Rxe6 Rxd7 47. Rg6 Rd4 48. Be3 Rxg4+ 49. Rxg4 Bxg4 50. h6 Bf5 51. Kg2 Kc6 52. Kf3 Kd5 53. Kf4 Ke6 54. Kg5 Bh7 55. f4 b5 56. Bd2 Bf5 57. Kh4 Bh7 58.
Kg5 Bf5 59. Bc3 Bh7 60. Kg4 Bf5+ 61. Kf3 Bh7 62. Ke3 Kd5 63. Be5 Bg6 64. Bg7 Bh7 65. Bf6 Bg6 66. Be5 Bh7 67. Bg7 Bg6 68. Bf6 Bh7 69. Bg7 Bg6 70. Bf6 Bh7 71. Bg7 1/2-1/2

[Event "Early-Titled-Tuesday-Blitz-March-26-2024"]
[Site "Chess.com"]
[Date "2024.03.26"]
[Round "7"]
[White "sansanathalia"]
[Black "andrew-blr"]
[Result "1-0"]
[WhiteElo "2428"]
[BlackElo "2582"]
[TimeControl "180+1"]
[EndTime "9:16:22 PDT"]
[Termination "sansanathalia won by resignation"]

1. d4 d5 2. Nf3 Nf6 3. e3 e6 4. Be2 c5 5. O-O Nc6 6. b3 Be7 7. Bb2 O-O 8. Nbd2 a5 9. c4 a4 10. cxd5 exd5 11. dxc5 Bxc5 12. bxa4 Re8 13. Bb5 Bg4 14.
Nb3 Bd6 15. h3 Be6 16. Nfd4 Bd7 17. Rc1 Rc8 18. Qd2 Ne4 19. Qe2 Qg5 20. Qf3 Ne5 21. Qf4 Qg6 22. Bxd7 Nxd7 23. Qf5 Ne5 24. Rxc8 Rxc8 25.
Qxc8+ Bf8 26. Qf5 Nc4 27. Qxg6 hxg6 28. Bc1 Nc3 29. a3 Nxa4 30. f3 Nc3 31. Kf2 f6 32. Re1 Kf7 33. e4 dxe4 34. fxe4 g5 35. Kf1 Bd6 36. Bd2 Na4 37. Bb4 Bg3 38. Rc1 Ne3+ 39. Ke2 Nxg2 40. Nf5 Bf4 41. Rg1 Nh4 42. Nxh4 gxh4 43.
Rd1 Ke8 44. Kf3 Be5 45. Nc5 Nb2 46. Rd7 b6 47. Rxg7 bxc5 48. Bxc5 Nd3 49. Be3 Bd6 50.
a4 Bb4 51. Rh7 Nb2 52. Rxh4 Kf7 53. e5 Bc3 54. exf6 Bxf6 55. Rf4 Nd3 56. Re4 Nb2 57.
a5 Nd3 58. a6 Ne1+ 59. Ke2 Nc2 60. a7 1-0

[Event "Early-Titled-Tuesday-Blitz-March-26-2024"]
[Site "Chess.com"]
[Date "2024.03.26"]
[Round "7"]
[White "Predator0608"]
[Black "Abund"]
[Result "0-1"]
[WhiteElo "2538"]
[BlackElo "2791"]
[TimeControl "180+1"]
[EndTime "9:16:23 PDT"]
[Termination "Abund won by resignation"]

1. e4 c6 2. d4 d5 3. exd5 cxd5 4. Bd3 Nc6 5. c3 Nf6 6. Nf3 Bg4 7. h3 Bh5 8. Bf4 e6 9. Nbd2 Bd6 10. Bxd6 Qxd6 11. O-O O-O 12. Re1 Rab8 13. a4 Qc7 14. Qb1 Rfe8 15.
Ne5 Bg6 16. Nxg6 hxg6 17. Nf3 Nd7 18. Qc2 e5 19. dxe5 Ndxe5 20. Nxe5 Rxe5 21. Qd2 Rbe8 22. Bb5 R8e6 23. Rxe5 Qxe5 24. Bf1 d4 25. cxd4 Nxd4 26. Rd1 Rd6 27. Re1 Qf6 28. Re8+ Kh7 29. Qb4 b6 30. Qc4 Ne6 31. Qc8 Rd8 32. Rxd8 Nxd8 33. Qd7 Nc6 34. b3 a5 35. Qc7 Ne5 36. Qb7 g5 37. Bb5 g6 38.
Qe4 Kg7 39. Qb7 Qd6 40. Qe4 Qc5 41. Kh2 Kf6 42. Kg1 Qc1+ 43. Kh2 Qc5 44. Qe2 Qd4 45. Kg1 Qa1+ 46. Kh2 Qd4 47. Qc2 Qf4+ 48. Kg1 Kg7 49.
Qc3 Qf6 50. Be2 Qd6 51. Bb5 Kh7 52. Qe3 Qf6 53. Qc3 Kg7 54. Kf1 Qf5 55. Kg1 Qb1+ 56. Kh2 Qf5 57. Kg1 Qf4 58. Bf1 Kh7 59. Be2 Qf6 60.
Qe3 Kg7 61. Qd4 Nf3+ 0-1

[Event "Early-Titled-Tuesday-Blitz-March-26-2024"]
[Site "Chess.com"]
[Date "2024.03.26"]
[Round "7"]
[White "Pelusiansky"]
[Black "KacperKacprzak"]
[Result "0-1"]
[WhiteElo "2538"]
[BlackElo "2697"]
[TimeControl "180+1"]
[EndTime "9:16:24 PDT"]
[Termination "KacperKacprzak won by resignation"]

1. e4 c5 2. Nf3 d6 3. Bb5+ Bd7 4. a4 Nc6 5. O-O Nf6 6. Re1 e5 7. c3 a6 8. Bf1 g6 9. h3 Bg7 10. d4 cxd4 11. cxd4 O-O 12. Nc3 Re8 13. d5 Nd4 14.
Bg5 Nxf3+ 15. Qxf3 h6 16. Be3 Qa5 17. Bxh6 Bxh6 18. Qxf6 Qb4 19. Rab1 Rac8 20. h4 Bg7 21. Qg5 Qb6 22. h5 Qd8 23. Qxd8 Rexd8 24. hxg6 fxg6 25.
g3 Bh6 26. Kh2 Rc7 27. Bh3 Be8 28. Be6+ Kg7 29. Kg2 b5 30. axb5 axb5 31. Nd1 b4 32. Ne3 Bb5 33. Rbd1 Ra8 34. Ng4 Bg5 35. Ra1 Rca7 36.
Rxa7+ Rxa7 37. Nh2 Ra2 38. Nf3 Bh6 39. b3 Rb2 40.
Nh2 Bd3 41. Ng4 Bg5 42. Kh3 Rb1 43.
Rxb1 Bxb1 44. f4 exf4 45. e5 f3 46. exd6 Bc2 47. Ne5 Be4 48. Bg4 f2 49. Be2 Kf6 50. Ng4+ Kf5 51. Nxf2 Bxd5 52. Bd3+ Ke5 53. Bc4 Bxc4 54.
bxc4 b3 55. Nd3+ Kxd6 56. Kg4 Bf6 57. Kf4 Ke6 58. g4 b2 59. Nxb2 Bxb2 60. Kg5 Kf7 61. c5 Bc1+ 62. Kh4 Bf4 63. g5 Ke6 64. Kg4 Bc7 65. Kf3 Kd5 66. c6 Kxc6 67. Ke4 Kd6 68. Kf4 Kd5+ 69. Kg4 Ke4 0-1

[Event "Early-Titled-Tuesday-Blitz-March-26-2024"]
[Site "Chess.com"]
[Date "2024.03.26"]
[Round "7"]
[White "carloseduar100"]
[Black "Herzog2012"]
[Result "0-1"]
[WhiteElo "2193"]
[BlackElo "2520"]
[TimeControl "180+1"]
[EndTime "9:16:28 PDT"]
[Termination "Herzog2012 won by checkmate"]

1. d4 Nf6 2. Bg5 e6 3. e3 c5 4. Nd2 cxd4 5. exd4 Be7 6. c3 b6 7. Bd3 O-O 8. Ngf3 Ba6 9. Bxa6 Nxa6 10. O-O Nc7 11. Re1 b5 12. a3 a5 13. Qe2 b4 14. axb4 axb4 15. Rxa8 Qxa8 16. h4 bxc3 17. bxc3 h6 18. Be3 d5 19. Ne5 Nce8 20. h5 Nd6 21. Qd3 Nxh5 22. g3 Nf6 23. f3 Rc8 24. g4 Qa3 25.
Nb1 Qb3 26. Bd2 Nc4 27. Qe2 Ne8 28. Nxf7 Qb6 29. Ne5 Nxd2 30. Qxd2 Bf6 31. Nd7 Qd6 32. Nxf6+ Nxf6 33. Kg2 Nd7 34. Qe3 Nf8 35. Nd2 Re8 36. Nf1 Ng6 37. Ng3 e5 38. Nf5 Qf6 39. Qd2 e4 40.
fxe4 dxe4 41. Qa2+ Kh7 42. Qc2 Nf4+ 43. Kg3 Nd3 44.
Rxe4 Rxe4 45. Qxd3 Qe6 46. Kf3 Re1 47. Ne7+ Kh8 48.
Ng6+ Kg8 49. Nf4 Qf6 50. Qc4+ Kh7 51. Qd3+ Kg8 52. Qd2 Re8 53. d5 g5 54. c4 Qxf4+ 55.
Qxf4 gxf4 56. Kxf4 Rc8 57. Ke5 Rxc4 58. d6 Kf7 59.
Kd5 Rxg4 60. Kc6 Ke6 61. Kc7 Rc4+ 62. Kd8 Kxd6 63. Ke8 Rf4 64. Kd8 Rf8# 0-1

[Event "Early-Titled-Tuesday-Blitz-March-26-2024"]
[Site "Chess.com"]
[Date "2024.03.26"]
[Round "7"]
[White "PapaieDudu"]
[Black "KnightmareJoker"]
[Result "0-1"]
[WhiteElo "2434"]
[BlackElo "2312"]
[TimeControl "180+1"]
[EndTime "9:16:29 PDT"]
[Termination "KnightmareJoker won by checkmate"]

1. e4 e5 2. Nf3 Nc6 3. Bb5 a6 4. Ba4 Nf6 5. O-O b5 6. Bb3 Bc5 7. c3 d6 8. d4 Bb6 9. Bg5 h6 10. Bh4 g5 11. Bg3 O-O 12. Bc2 Bg4 13. d5 Ne7 14. h3 Bh5 15. Nbd2 Bg6 16. a4 Nh5 17. Bh2 Nf4 18. c4 bxa4 19. Rxa4 f5 20. exf5 Bxf5 21. Bxf5 Nxf5 22. Qc2 Qe8 23. Ra3 Bc5 24. Rb3 Ne2+ 25. Kh1 Ned4 26. Qd1 Nxb3 27. Nxb3 Bb6 28. Nfd2 a5 29.
Ne4 a4 30. Nc1 Qf7 31. Nd3 Ne3 32. Qe2 Nxf1 33. Qxf1 a3 34. bxa3 Rxa3 35. Nb4 Qf5 36. Qe2 Ra1+ 37. Bg1 Bxf2 38. Nxf2 Qxf2 39. Qxf2 Rxf2 40.
Kh2 Rb2 41. Nd3 Rbb1 42. Be3 Kf7 43. c5 Kg6 44. Nf2 Rb3 45. Bd2 Ra2 46. Ne4 dxc5 47.
Be1 Re3 48. Nc3 Ra3 49. Nb5 Rab3 50. Nxc7 Rxe1 51. d6 Rd1 52. Ne6 Rxd6 53. Nxc5 Rb5 54. Ne4 Rd4 55. Nc3 Rbd5 56. Ne2 e4 57. Kg3 Rd3+ 58.
Kf2 e3+ 59. Kf3 Rd2 60. Ng3 e2 61. h4 e1=Q 62. h5+ Kh7 63. Ne4 Qxe4+ 64. Kxe4 Rxg2 65.
Kf3 Rh2 66. Kg4 Rd4+ 67. Kg3 Rxh5 68. Kf3 g4+ 69. Kg3 Rd3+ 70. Kg2 g3 71. Kg1 Re5 72.
Kg2 Re2+ 73. Kf1 g2+ 74. Kxe2 Rd8 75. Kf2 Rg8 76. Kg1 h5 77. Kh2 Kh6 78. Kg1 Rg5 79. Kh2 Kg6 80. Kg1 Kf5 81. Kh2 Kf4 82. Kg1 Kf3 83. Kh2 Kf2 84. Kh3 Rg3+ 85. Kh4 Rh3+ 86. Kxh3 g1=Q 87. Kh4 Qg4# 0-1

[Event "Early-Titled-Tuesday-Blitz-March-26-2024"]
[Site "Chess.com"]
[Date "2024.03.26"]
[Round "7"]
[White "masnyszachistaaa"]
[Black "Mops_2004"]
[Result "1-0"]
[WhiteElo "2599"]
[BlackElo "2797"]
[TimeControl "180+1"]
[EndTime "9:16:30 PDT"]
[Termination "masnyszachistaaa won by resignation"]

1. c4 e5 2. Nc3 Bb4 3. g3 Bxc3 4. bxc3 d6 5. Bg2 Nc6 6. d3 Nge7 7. e4 f5 8. Ne2 fxe4 9. Bxe4 Bh3 10. Nf4 Bd7 11. Qh5+ Kf8 12. Ne2 Qe8 13. Qf3+ Qf7 14. Qg2 Bf5 15.
O-O Bxe4 16. Qxe4 Qf5 17. Qxf5+ Nxf5 18. f4 e4 19. dxe4 Nh6 20. Nd4 Re8 21. e5 Nf7 22.
Nb5 dxe5 23. Ba3+ Kg8 24. Nxc7 Rc8 25. Nd5 e4 26. Rfe1 Re8 27. Ne7+ Rxe7 28. Bxe7 Nxe7 29.
Rxe4 Ng6 30. Re8+ Nf8 31. Rae1 g5 32. R1e7 gxf4 33. gxf4 Kg7 34. Rxb7 Kf6 35. Rbb8 Kg7 36. c5 h5 37. c6 Rh6 38. c7 Nd6 39. Rxf8 Rg6+ 40. Kf1 Re6 41. Rg8+ Kf7 42. c8=Q Nxc8 43. Rgxc8 Re4 44. Kf2 Rxf4+ 45. Ke3 Rf1 46. Rb7+ Kf6 47.
Rxa7 Re1+ 48. Kd4 Rh1 49. Kc5 Rxh2 50. c4 Rb2 51. Rh8 Kg5 52. Rg7+ Kh4 53. Rgh7 Rxa2 54. Rxh5+ Kg4 55. R5h7 Ra5+ 56. Kb6 Ra3 57. c5 Rb3+ 58. Kc7 Kf5 59. c6 Ke6 60. Rh6+ Kd5 61. Rh5+ Ke6 62. R8h6+ Kf7 63. Rd6 Ra3 64. Rh7+ Kg8 65. Rhd7 Ra7+ 66. Kb6 Ra1 67. c7 Rb1+ 68. Ka5 Rc1 69. Rd8+ Kh7 70. c8=Q Rc6 71. Rxc6 1-0

[Event "Early-Titled-Tuesday-Blitz-March-26-2024"]
[Site "Chess.com"]
[Date "2024.03.26"]
[Round "7"]
[White "Donskov_AN"]
[Black "Cheer_Down"]
[Result "1-0"]
[WhiteElo "2390"]
[BlackElo "2486"]
[TimeControl "180+1"]
[EndTime "9:16:30 PDT"]
[Termination "Donskov_AN won by resignation"]

1. e4 e5 2. Nf3 Nc6 3. Nc3 Nf6 4. d4 exd4 5. Nxd4 Nxe4 6. Nxe4 Qe7 7. f3 d5 8. Bb5 Bd7 9. Nxc6 bxc6 10. Bd3 dxe4 11. fxe4 Qc5 12. Qf3 Bd6 13. Qf2 O-O 14. Qxc5 Bxc5 15.
Bf4 Bd6 16. O-O Rab8 17. b3 Be6 18. Rad1 Rfd8 19. h3 f6 20. g4 Bxf4 21. Rxf4 a5 22. Kf2 h6 23. Ke3 Rb4 24. e5 Rxf4 25. Kxf4 fxe5+ 26.
Kxe5 Bd5 27. Bg6 Rd7 28. c4 Be6 29. Rxd7 Bxd7 30. c5 Kf8 31. Be4 Ke7 32. Bf3 g5 33.
Be4 Kf7 34. Bc2 Ke7 35. Bd3 Kf7 36. a4 Ke7 37. Bc4 Bc8 38. Kd4 Kf6 39. b4 axb4 40. a5 h5 41. a6 hxg4 42. hxg4 Ke7 43. a7 Bb7 44. Ba6 Ba8 45. Kc4 Kf6 46. Kxb4 Ke5 47. Bc8 Kf4 48. Kc4 Ke4 49. Bd7 Ke3 50. Bf5 Bb7 51. Kc3 Ba8 52. Kb4 Kd4 53. Be6 Bb7 54. Bc8 Ba8 55. Ka5 Kxc5 56. Ka6 Kd4 57. Bb7 c5 58.
Bxa8 c4 59. Be4 Kxe4 60. a8=Q+ Kd3 61. Qd5+ Kc2 62. Qxc4+ 1-0

[Event "Early-Titled-Tuesday-Blitz-March-26-2024"]
[Site "Chess.com"]
[Date "2024.03.26"]
[Round "7"]
[White "SashaKuzhilniy"]
[Black "Zhigalko_Sergei"]
[Result "1-0"]
[WhiteElo "2620"]
[BlackElo "2877"]
[TimeControl "180+1"]
[EndTime "9:16:33 PDT"]
[Termination "SashaKuzhilniy won on time"]

1. c4 e5 2. g3 Nf6 3. Bg2 c6 4. Nf3 d6 5. O-O Be7 6. Nc3 O-O 7.
e4 Bg4 8. d4 Nbd7 9. Be3 exd4 10. Qxd4 Qc7 11. h3 Bxf3 12. Bxf3 Rfe8 13. Bg2 a5 14.
Rad1 a4 15. Rfe1 Qa5 16. f4 Nc5 17. Kh2 h6 18. g4 Rad8 19. Ne2 Nfxe4 20. Bxe4 Bf6 21.
Qd2 Qxd2 22. Rxd2 Nxe4 23. Rc2 Nc5 24. Ng3 Nd3 25. Ree2 g6 26. Bb6 Ra8 27. Ne4 Be7 28.
Kg3 d5 29. cxd5 cxd5 30. Nc3 Nb4 31. Rcd2 Bf6 32. Rxe8+ Rxe8 33. Nxa4 Nc6 34. Nc3 d4 35. Nd5 Bg7 36. Kf3 g5 37. Bc7 Re6 38. f5 Re8 39. Bg3 Be5 40. Bf2 Kf8 41. b4 Rd8 42. Nb6 Bc7 43.
Nc4 b5 44. Nb2 Nxb4 45. Rxd4 Rxd4 46. Bxd4 Nxa2 47. Nd3 Bd6 48. Ke4 Nb4 49. Nxb4 Bxb4 50. Kd5 Be7 51. Kc6 b4 52. Kb5 b3 53. Kc4 Ke8 54.
Kxb3 Kd7 55. Kc4 f6 56. Kd5 Bd8 57. Bc5 Be7 58. Bxe7 Kxe7 59. Kc6 h5 60. gxh5 Kf7 61. Kd6 Kg7 62. Ke6 Kh6 63. Kxf6 g4 64. hxg4 1-0

[Event "Early-Titled-Tuesday-Blitz-March-26-2024"]
[Site "Chess.com"]
[Date "2024.03.26"]
[Round "7"]
[White "eljanov"]
[Black "Binary010"]
[Result "1-0"]
[WhiteElo "2920"]
[BlackElo "2796"]
[TimeControl "180+1"]
[EndTime "9:16:36 PDT"]
[Termination "eljanov won on time"]

1. d4 Nf6 2. Bf4 d5 3. e3 c5 4. Nf3 Nc6 5. Nbd2 cxd4 6. exd4 Qb6 7. Nb3 Bf5 8. a4 a6 9. a5 Qd8 10. Ne5 Rc8 11. c3 e6 12. Be2 Be7 13. g4 Bg6 14. h4 h5 15. Nxg6 fxg6 16. Qd3 Kf7 17.
g5 Ne4 18. Nd2 Nxd2 19. Bxd2 Bd6 20. Qf3+ Kg8 21. Qh3 Qe8 22. O-O Kh7 23. Bd3 Rf8 24.
Rae1 e5 25. dxe5 Bc5 26. e6 Ne7 27. Be3 Bd6 28. Bd4 Rf4 29. f3 Nc6 30. Be3 Rf8 31. f4 Ne7 32. f5 gxf5 33. Bxf5+ Nxf5 34. Rxf5 Qxe6 35. Rf3 Qxh3 36. Rxh3 Rce8 37. Rf1 Rxf1+ 38. Kxf1 Re4 39. Ke2 Bc5 40. Kd3 Bxe3 41. Rxe3 Rxh4 42. Re7 Rg4 43. Rxb7 h4 44. Re7 h3 45. Re1 h2 46.
Rh1 Rh4 47. Ke3 Kg6 48. Kf3 Kxg5 49. Kg3 Ra4 50. Rxh2 Rxa5 51. Kf3 Rb5 52. Ke3 Kf5 53. Rf2+ Ke5 54. Rg2 Rb7 55. b4 Rf7 56. Rg5+ Kd6 57. Rg6+ Ke5 58. Rxa6 g5 59. Rg6 Kf5 60. Rg8 g4 61.
Kd4 Rd7 62. b5 Kf4 63. Rf8+ Kg5 64. Rg8+ Kf4 65. b6 g3 66. Kc5 Kf3 67. Kc6 Rh7 68. b7 Rxb7 69. Kxb7 1-0